 Dungeon Crawl Stone Soup version 0.21.1-1-g345015f (webtiles) character file.

575 wotfoxis the Conjurer (level 7, 0/36 HPs)
             Began as a Deep Elf Conjurer on Feb 17, 2018.
             Slain by a slave (10 damage)
             ... led by Pikel
             ... on level 4 of the Dungeon.
             The game lasted 00:27:39 (2978 turns).

wotfoxis the Conjurer (Deep Elf Conjurer)           Turns: 2978, Time: 00:27:40

Health: 0/36       AC:  5    Str:  5    XL:     7   Next: 12%
Magic:  1/18       EV: 15    Int: 22    God:
Gold:   232        SH:  0    Dex: 15    Spells: 6/18 levels left

rFire    . . .     SeeInvis .   k - +2 short sword (elec)
rCold    + . .     Gourm    .   (no shield)
rNeg     . . .     Faith    +   a - +2 robe
rPois    .         Spirit   .   e - +0 helmet
rElec    .         Reflect  .   (no cloak)
rCorr    .         Harm     .   (no gloves)
MR       .....                  (no boots)
Stlth    ++........             n - amulet of faith
HPRegen  0.12/turn              m - ring of protection from cold
MPRegen  0.16/turn              (no ring)

@: no status effects
A: no striking features
a: no special abilities


You were on level 4 of the Dungeon.
You were not hungry.

You visited 1 branch of the dungeon, and saw 5 of its levels.

You collected 232 gold pieces.

Inventory:

Hand Weapons
 k - a +2 short sword of electrocution (weapon)
Armour
 a - a +2 robe (worn)
 e - a +0 helmet (worn)
 j - a +0 pair of gloves
Jewellery
 m - a ring of protection from cold (left hand)
 n - an amulet of faith (around neck)
Wands
 o - a wand of iceblast (5)
Scrolls
 d - a scroll of identify
 h - 2 scrolls of remove curse
 i - 2 scrolls of teleportation
Potions
 f - a potion of curing
 g - a potion of cancellation
 l - a potion of berserk rage {unknown}
 p - 2 potions of heal wounds
Books
 b - a book of Conjurations

   Spells                             Type                      Level
   a - Magic Dart                     Conjuration                  1
   b - Searing Ray                    Conjuration                  2
   c - Dazzling Spray                 Conjuration/Hexes            3
   d - Fulminant Prism                Conjuration/Hexes            4
   e - Force Lance                    Conjuration/Translocation    4
   f - Iskenderun's Mystic Blast      Conjuration                  4
Comestibles
 c - 3 rations


   Skills:
 + Level 0.2 Short Blades
 + Level 4.6 Dodging
 + Level 3.3 Stealth
 + Level 6.1 Spellcasting
 + Level 7.0 Conjurations
 + Level 1.3 Hexes


You had 6 spell levels left.
You knew the following spells:

 Your Spells              Type           Power        Failure   Level  Hunger
a - Magic Dart            Conj           ####         1%          1    None
b - Dazzling Spray        Conj/Hex       ####..       4%          3    #......
c - Force Lance           Conj/Tloc      ###.....     22%         4    ###....
d - Fulminant Prism       Conj/Hex       ####......   16%         4    ###....


Dungeon Overview and Level Annotations

Branches:
Dungeon (5/15)
 Temple: D:4-7

Altars:

Annotations:
D:4 Pikel


Message History

Aiming: Magic Dart
Press: ? - help, Shift-Dir - straight line, f/p - Pikel
Aim: Pikel, wielding a whip of flaming and wearing a robe (heavily wounded)
The magic dart hits Pikel.
Pikel is heavily wounded.
Pikel barely misses you. The slave misses you. The slave closely misses you.
Casting: Magic Dart
Confirm with . or Enter, or press ? or * to list all spells.
You don't have enough magic to cast that spell.
Unknown command.
Casting: Magic Dart
Confirm with . or Enter, or press ? or * to list all spells.
Aiming: Magic Dart
Press: ? - help, Shift-Dir - straight line, f/p - Pikel
Aim: Pikel, wielding a whip of flaming and wearing a robe (heavily wounded)
The magic dart hits Pikel.
Pikel is heavily wounded.
Pikel hits you but does no damage. The slave barely misses you.
The slave hits you!
You die...

.##.....##......###....###.##.##.
........##......# #....# #.##....
.#.#............##.....# ##.###
.#...................... #.#
'#..........###..##.#..... #.#
............###........... #.#
.........#...##.......... #.#
.....#...#...##p....#... #.###
.....#...#....#.@...##.#.#.##...#
................pK.....#.#.####.#
.#............#........#...#....#
##.........................#.####
##............###....#..####.#
...............['............#
................#......#.#####
................#......#.###.#
................#............#


You could see Pikel and 2 slaves.

Vanquished Creatures
  2 phantoms (D:4)
  The ghost of Dioder the Magician, an amateur DEAE (D:3)
  2 howler monkeys
  A crimson imp (D:5)
  A centaur skeleton (D:4)
  An orc priest (D:5)
  A bullfrog skeleton (D:5)
  A worker ant (D:4)
  5 adders
  An adder skeleton (D:5)
  3 worms (D:3)
  2 dart slugs
  A leopard gecko (D:1)
  7 orcs
  A ball python (D:3)
  5 bats
  4 giant cockroaches
  6 hobgoblins
  2 quokkas
  2 frilled lizards (D:1)
  5 goblins
  4 kobolds
  2 rats (D:2)
60 creatures vanquished.

Vanquished Creatures (others)
  2 fulminant prisms (D:5)
2 creatures vanquished.

Grand Total: 62 creatures vanquished

Notes
Turn   | Place    | Note
-------+----------+-------------------------------------------
     0 | D:1      | wotfoxis the Deep Elf Conjurer began the quest for the Orb.
     0 | D:1      | Reached XP level 1. HP: 10/10 MP: 6/6
   206 | D:1      | Reached XP level 2. HP: 15/15 MP: 1/8
   357 | D:2      | Noticed a howler monkey
   363 | D:2      | Killed a howler monkey
   363 | D:2      | Reached skill level 5 in Conjurations
   363 | D:2      | Reached XP level 3. HP: 12/19 MP: 2/10
   910 | D:2      | Reached XP level 4. HP: 24/24 MP: 7/11
   919 | D:2      | Learned a level 3 spell: Dazzling Spray
   924 | D:2      | Learned a level 4 spell: Force Lance
  1639 | D:3      | Reached skill level 6 in Conjurations
  1706 | D:3      | Reached XP level 5. HP: 28/28 MP: 7/13
  2040 | D:3      | Noticed Dioder's ghost (amateur DEAE)
  2049 | D:3      | Killed Dioder's ghost
  2117 | D:4      | Noticed a phantom
  2136 | D:4      | Killed a phantom
  2136 | D:4      | Reached skill level 5 in Spellcasting
  2136 | D:4      | Reached XP level 6. HP: 28/32 MP: 0/15
  2731 | D:4      | Reached skill level 1 in Hexes
  2830 | D:5      | Entered Level 5 of the Dungeon
  2857 | D:5      | Reached XP level 7. HP: 36/36 MP: 8/18
  2878 | D:4      | Learned a level 4 spell: Fulminant Prism
  2944 | D:4      | You fall through a shaft!
  2954 | D:5      | Reached skill level 7 in Conjurations
  2960 | D:5      | Noticed Pikel
  2978 | D:4      | Slain by a slave

Skill      XL: |  1  2  3  4  5  6  7 |
---------------+----------------------+-----
Conjurations   | 5 6 7 |  7.0
Spellcasting   | 4 5 6 |  6.1
Stealth        | 3 |  3.3
Dodging        | 3 4 |  4.6
Hexes          | 1 |  1.3
Short Blades   | |  0.2

Action                   |  1- 3 |  4- 6 |  7- 9 || total
-------------------------+-------+-------+-------++-------
Melee: Dagger            |       |    46 |       ||    46
       Short sword       |       |     9 |     2 ||    11
 Cast: Magic Dart        |    42 |   111 |    12 ||   165
       Dazzling Spray    |       |    13 |     2 ||    15
       Fulminant Prism   |       |       |     2 ||     2
  Use: Scroll            |       |    12 |     3 ||    15
       Potion            |       |     2 |       ||     2
  Eat: Ration            |       |     2 |       ||     2
       Chunk             |       |     1 |       ||     1
Armor: Robe              |     1 |    28 |     3 ||    32
Dodge: Dodged            |     5 |    86 |    14 ||   105
